 Dungeon Crawl Stone Soup version 0.22-a0-858-g985ef60 (webtiles) character file.

25978 vierth the Severer (level 12, -24/118 HPs)
             Began as a Minotaur Fighter on July 26, 2018.
             Was a Priest of Trog.
             Annihilated by Rupert
             ... wielding a +3 great mace of protection
              (29 damage)
             ... on level 3 of the Lair of Beasts on July 27, 2018.
             The game lasted 00:46:31 (17085 turns).

vierth the Severer (Minotaur Fighter)              Turns: 17085, Time: 00:46:32

Health: -24/118    AC: 19    Str: 27    XL:     12   Next: 94%
Magic:  11/11      EV:  8    Int:  5    God:    Trog [***...]
Gold:   592        SH: 16    Dex:  9    Spells: 11/11 levels left

rFire    . . .     SeeInvis .   a - +1 war axe
rCold    . . .     Gourm    .   c - +0 shield
rNeg     . . .     Faith    .   l - +0 plate armour
rPois    .         Spirit   .   u - +1 hat
rElec    .         Reflect  +   n - +2 cloak
rCorr    .         Harm     .   (no gloves)
MR       .....                  (no boots)
Stlth    ..........             H - +6 amulet of reflection
HPRegen  0.29/turn              (no ring)
MPRegen  0.12/turn              (no ring)

@: berserk cooldown, slowed, very slow
A: retaliatory headbutt, horns 2
a: Berserk, Trog's Hand, Renounce Religion


You were on level 3 of the Lair of Beasts.
You worshipped Trog.
Trog was most pleased with you.
You were not hungry.

You visited 3 branches of the dungeon, and saw 15 of its levels.

You collected 592 gold pieces.

Inventory:

Hand Weapons
 a - a +1 war axe (weapon)
 b - a +0 mace of holy wrath
Missiles
 F - 3 javelins of penetration (quivered)
Armour
 c - a +0 shield (worn)
 l - a +0 plate armour (worn)
 n - a +2 cloak (worn)
 u - a +1 hat (worn)
Jewellery
 g - an uncursed amulet of regeneration
 H - a +6 amulet of reflection (around neck)
Wands
 q - a wand of digging (16)
 w - a wand of flame (45)
 y - a wand of paralysis (27)
 A - a wand of iceblast (8)
 B - a wand of disintegration (12)
 C - a wand of polymorph (20)
 G - a wand of random effects (29)
 K - a wand of scattershot (5)
Scrolls
 e - 4 scrolls of magic mapping {unknown}
 h - 2 scrolls of enchant weapon
 i - 7 scrolls of remove curse
 j - 3 scrolls of teleportation
 k - 2 scrolls of fear
 o - 7 scrolls of identify
 p - 3 scrolls of amnesia
 r - 3 scrolls of immolation
 t - a scroll of enchant armour {unknown}
 x - a scroll of summoning {unknown}
 D - a scroll of fog
 I - a scroll of vulnerability {unknown}
 L - a scroll of random uselessness {unknown}
 N - a scroll of acquirement {unknown}
Potions
 d - a potion of might
 m - 4 potions of curing
 s - a potion of invisibility
 v - 2 potions of lignification
 z - 3 potions of haste
 E - a potion of berserk rage
 J - a potion of magic {unknown}
 M - a potion of resistance {unknown}
Comestibles
 f - 9 rations


   Skills:
 * Level 14.7 Fighting
 - Level 16.0 Axes
 + Level 3.0 Throwing
 + Level 11.8 Armour
 - Level 6.0 Dodging
 - Level 3.6 Shields


You had 11 spell levels left.
You didn't know any spells.
Your spell library contained the following spells:

 Spells                   Type           Power        Failure   Level  Hunger
 Throw Frost              Conj/Ice       #.....       100%        2    ###....
 Freeze                   Ice            #...         100%        1    ##.....
 Summon Ice Beast         Ice/Summ       #.......     100%        4    #####..
 Ozocubu's Armour         Chrm/Ice       #.......     100%        3    ####...
 Throw Icicle             Conj/Ice       #.......     100%        4    #####..


Dungeon Overview and Level Annotations

Branches:
Dungeon (10/15)            Temple (1/1) D:4            Lair (4/6) D:8
 Shoals (0/4) Lair:4       Spider (0/4) Lair:2          Orc (0/2) D:9

Altars:
Ashenzari
Cheibriados
Dithmenos
Elyvilon
Fedhas
Gozag
Hepliaklqana
Kikubaaqudgha
Makhleb
Nemelex Xobeh
Okawaru
Qazlal
Ru
Sif Muna
Trog
Uskayaw
Vehumet
Wu Jian
Xom
Yredelemnul
Zin
The Shining One

Shops:
D:4 }[[   D:8 %}=?

Annotations:
D:9 Maurice
Lair:3 Prince Ribbit, Rupert


Innate Abilities, Weirdness & Mutations

You reflexively headbutt those who attack you in melee.
You have a pair of horns on your head.


Message History

Rupert is almost dead.
You block Rupert's attack.
You slash Rupert! Your headbutt misses Rupert.
Rupert is almost dead.
You hit Rupert but do no damage.
Rupert is almost dead.
You are no longer berserk.
You are exhausted.
You feel yourself slow down. You block Rupert's attack.
Your shield and plate armour prevent you from hitting Rupert.
Your headbutt misses Rupert.
Rupert is almost dead.
Rupert hits you with a great mace of protection!
* * * LOW HITPOINT WARNING * * *
Your shield and plate armour prevent you from hitting Rupert.
Rupert is almost dead.
Rupert hits you with a great mace of protection!!
* * * LOW HITPOINT WARNING * * *
Rupert hits you with a great mace of protection!!
You die...

P.......##..P###......#####..#...
P........P..# #...P#.....#...##..
...<........####..##.........#...
#............# #...#.........##..
.#...........# #..##..#.##...##..
##......#...####..#P..#####.[#...
##......##....#.......# #......
##......##............# ##......
##......##.....@@.....## #.......
....##..##....##..##...# ##......
....##..#....###..#...### #..##..
.....#......## #..#.....# #..##..
....#.......# #......#####...#..
..††#.......# #..#P..## #...#...
.....#..#...# #..##P..# #...##..
........##..# #......#####..##..
........#...# #.........#P.(##..


You could see Rupert (berserk).

Vanquished Creatures
  A hydra (Lair:4)
  2 two-headed ogres (D:9)
  Sonja (Lair:3)
  An unseen horror (D:10)
  10 elephants (Lair:4)
  Joseph (D:9)
  3 black mambas (Lair:1)
  3 spiny frogs
  5 komodo dragons
  A troll (D:8)
  11 blink frogs
  9 hippogriffs
  A wraith (D:10)
  2 wyverns
  A basilisk (Lair:4)
  25 yaks
  9 water moccasins
  Duvessa (D:5)
  5 porcupines
  2 ice beasts
  2 black bears (Lair:2)
  2 orc warriors (D:7)
  4 sky beasts
  5 ogres
  3 phantoms
  8 wolves
  4 centaurs
  7 crocodiles
  3 big kobolds
  15 bullfrogs
  4 jellies
  A water moccasin zombie (D:8)
  Dowan (D:5)
  6 killer bees
  8 wights (D:9)
  An electric eel (Lair:2)
  3 howler monkeys
  4 crimson imps
  A centaur zombie (D:10)
  2 orc priests
  3 centaur skeletons
  A gnoll shaman (D:5)
  2 hounds
  11 orc wizards
  A bullfrog skeleton (D:10)
  4 iguanas
  Ijyb (D:4)
  5 worker ants
  4 hound skeletons
  Robin (D:3)
  A worker ant zombie (D:7)
  10 adders
  13 gnolls
  4 shadow imps
  An adder zombie (D:3)
  4 worms
  A dart slug (D:3)
  5 leopard geckos
  43 orcs
  5 giant cockroaches
  23 goblins
  7 hobgoblins
  7 jackals
  28 kobolds
  5 quokkas
  3 ball pythons
  10 bats
  5 frilled lizards
  A leopard gecko zombie (D:6)
  A quokka zombie (D:5)
  4 rats
  A plant (Lair:2)
393 creatures vanquished.

Vanquished Creatures (others)
  3 fungi (Lair:4)
  6 plants
9 creatures vanquished.

Grand Total: 402 creatures vanquished

Notes
Turn   | Place    | Note
-------+----------+-------------------------------------------
     0 | D:1      | vierth the Minotaur Fighter began the quest for the Orb.
     0 | D:1      | Reached XP level 1. HP: 19/19 MP: 0/0
    36 | D:1      | Reached skill level 3 in Axes
   153 | D:1      | Reached XP level 2. HP: 26/26 MP: 1/1
   622 | D:2      | Reached skill level 4 in Axes
   625 | D:2      | Reached XP level 3. HP: 25/31 MP: 2/2
  1187 | D:2      | Reached skill level 5 in Axes
  1193 | D:2      | Reached XP level 4. HP: 26/39 MP: 1/3
  1544 | D:3      | Reached skill level 6 in Axes
  1706 | D:3      | Found an iron altar of Okawaru.
  1712 | D:3      | Reached XP level 5. HP: 45/45 MP: 4/4
  1776 | D:3      | Noticed Robin
  1791 | D:3      | Killed Robin
  1822 | D:3      | Found a hide-covered altar of Uskayaw.
  1832 | D:3      | Found an ancient bone altar of Kikubaaqudgha.
  1833 | D:3      | Found an opulent altar of Gozag.
  1869 | D:3      | Found a snail-covered altar of Cheibriados.
  1943 | D:3      | Reached skill level 7 in Axes
  2155 | D:3      | Found a shadowy altar of Dithmenos.
  2394 | D:4      | Reached XP level 6. HP: 41/51 MP: 3/5
  2404 | D:4      | Found Lygiv's Antique Armour Emporium.
  2406 | D:4      | Noticed Ijyb
  2419 | D:4      | Killed Ijyb
  2504 | D:4      | Found a radiant altar of Vehumet.
  2534 | D:4      | Reached skill level 8 in Axes
  2552 | D:4      | Found Ympieps's Gadget Shop.
  2588 | D:4      | Reached skill level 9 in Axes
  2675 | D:4      | Reached XP level 7. HP: 57/57 MP: 6/6
  2865 | D:4      | Found Betrut's Antique Armour Shop.
  2895 | D:4      | Found a staircase to the Ecumenical Temple.
  2935 | D:4      | Reached skill level 10 in Axes
  3161 | D:5      | Entered Level 5 of the Dungeon
  3510 | D:5      | Reached XP level 8. HP: 62/67 MP: 7/7
  3564 | D:5      | Noticed Duvessa
  3564 | D:5      | Noticed Dowan
  3567 | D:5      | Killed Dowan
  3581 | D:5      | Killed Duvessa
  3581 | D:5      | Reached skill level 5 in Fighting
  3581 | D:5      | Reached skill level 11 in Axes
  4033 | D:6      | Reached skill level 12 in Axes
  4098 | D:6      | Found a stormy altar of Qazlal.
  4459 | D:6      | Reached XP level 9. HP: 76/78 MP: 6/8
  5025 | D:7      | Found a shattered altar of Ashenzari.
  5055 | D:7      | Reached skill level 13 in Axes
  5259 | D:7      | Found an ornate altar of the Wu Jian Council.
  5548 | D:7      | Reached skill level 5 in Armour
  5759 | D:8      | Found Worejeg's Magic Scroll Shoppe.
  5887 | D:8      | Found Yrruc's Jewellery Shoppe.
  6096 | D:8      | Found Umauf's Gadget Shop.
  6110 | D:8      | Noticed a komodo dragon
  6125 | D:8      | Found Yczeyrph's Food Boutique.
  6143 | D:7      | Killed a komodo dragon
  6599 | D:8      | Found a staircase to the Lair.
  6722 | D:9      | Found a staircase to the Orcish Mines.
  6736 | D:9      | Noticed a two-headed ogre
  6804 | D:9      | Noticed Joseph
  6827 | D:9      | Killed Joseph
  6827 | D:9      | Reached skill level 14 in Axes
  7100 | D:9      | Noticed a troll
  7125 | D:8      | Killed a troll
  7125 | D:8      | Reached XP level 10. HP: 43/88 MP: 3/9
  8037 | Temple   | Entered the Ecumenical Temple
  8046 | Temple   | Became a worshipper of Trog the Wrathful
  8208 | D:8      | Upgraded the game from 0.22-a0-848-ge9e22a0 to 0.22-a0-858-g985ef60
  8306 | D:9      | Noticed a two-headed ogre
  8315 | D:9      | Killed a two-headed ogre
  8315 | D:9      | Reached skill level 15 in Axes
  8490 | D:9      | Killed a two-headed ogre
  8924 | D:9      | Noticed Maurice
  9288 | D:8      | HP: 4/90 [poisoned by Maurice]
  9293 | D:8      | HP: 3/90 [poisoned by Maurice]
  9300 | D:8      | HP: 3/90 [poisoned by Maurice]
  9308 | D:8      | HP: 3/90 [poisoned by Maurice]
  9689 | D:10     | Entered Level 10 of the Dungeon
 10042 | D:10     | Found the +3 sling "Punk" {acid, rCorr}
 10199 | D:10     | Reached * piety under Trog
 10699 | D:10     | Killed an unseen horror
 10699 | D:10     | Reached skill level 16 in Axes
 10699 | D:10     | Reached XP level 11. HP: 59/97 MP: 10/10
 11384 | Lair:1   | Entered Level 1 of the Lair of Beasts
 11392 | Lair:1   | Reached skill level 1 in Dodging
 11528 | Lair:1   | Reached skill level 10 in Fighting
 13268 | Lair:2   | Reached ** piety under Trog
 13463 | Lair:2   | Reached skill level 10 in Armour
 13463 | Lair:2   | Reached skill level 5 in Dodging
 13651 | Lair:2   | Found a hole to the Spider Nest.
 13714 | Lair:2   | Reached XP level 12. HP: 105/112 MP: 11/11
 14796 | Lair:3   | Noticed Prince Ribbit
 14797 | Lair:3   | Noticed Rupert
 14800 | Lair:3   | Paralysed by Rupert for 4 turns
 14816 | Lair:3   | HP: 4/113 [Rupert/great mace of protection (10)]
 15160 | Lair:3   | Noticed Sonja
 15191 | Lair:3   | Killed Sonja
 16186 | Lair:4   | Reached *** piety under Trog
 16227 | Lair:4   | Reached skill level 1 in Throwing
 16424 | Lair:4   | Noticed a five-headed hydra
 16437 | Lair:4   | Killed a five-headed hydra
 16606 | Lair:4   | Found a staircase to the Shoals.
 17067 | Lair:3   | Paralysed by Rupert for 7 turns
 17085 | Lair:3   | HP: 5/118 [Rupert/great mace of protection (21)]
 17085 | Lair:3   | Annihilated by Rupert

Vault maps used:
D:1:      roderic_chinese_lattice_arrival, dk_noncrumbling_3
D:3:      lemuel_doored_altar, overflow_temple_1_default,
          chequers_temple_overflow_statue_of_worship, lemuel_round_altar,
          nicolae_overflow_crystal_walls, first_ration, minmay_statues_item,
          uniq_robin
D:4:      cheibrodos_helix_gallery, kennysheep_mini, minmay_temple_entry_mist,
          serial_shops, shop, shop, shop, uniq_ijyb
D:5:      uniq_duvessa
D:6:      grunt_qazlal_sundering
D:7:      corexii_shantytown, cheibrodos_ashenzari_chains, kennysheep_mini_moat
D:8:      david_lair_shrubbed, serial_shops, shop, shop, shop,
          nicolae_shop_statue_plus
D:9:      grunt_livestock, minmay_pinched_square, uniq_joseph, uniq_maurice
Temple:   hc_temple_tempest_star
Lair:1:   patterned_corridor, grunt_megastairs_1
Lair:2:   dummy_spider_entry, grunt_forest_small_clearings, st_stairs_3,
          serial_bayou_shore_b, grunt_megastairs_5, serial_bayou_shore_a
Lair:3:   uniq_sonja, uniq_rupert, uniq_prince_ribbit2
Lair:4:   shoals_dummy_entry, st_stairs_5, grunt_megastairs_4

Skill      XL: |  1  2  3  4  5  6  7  8  9 10 11 12 |
---------------+-------------------------------------+-----
Axes           | 3 4 5 6 7 9 10 12 14 16 | 16.0
Fighting       | 4 6 8 9 12 14 | 14.7
Armour         | 4 6 8 10 11 | 11.8
Dodging        | 5 6 |  6.0
Throwing       | 3 |  3.0
Shields        | |  3.6

Action                   |  1- 3 |  4- 6 |  7- 9 | 10-12 || total
-------------------------+-------+-------+-------+-------++-------
Melee: War axe           |   103 |   136 |   375 |   698 ||  1312
       Headbutt          |     8 |    21 |    77 |   132 ||   238
       Mace              |       |       |       |    10 ||    10
Throw: Javelin           |       |       |       |    14 ||    14
Invok: Berserk           |       |       |       |     3 ||     3
  Use: Scroll            |       |     5 |     8 |     8 ||    21
       Potion            |       |       |     1 |     2 ||     3
  Eat: Ration            |     1 |     1 |     2 |     9 ||    13
       Chunk             |       |       |     8 |     4 ||    12
Armor: Scale mail        |    72 |    11 |       |       ||    83
       Plate armour      |       |    39 |   163 |   342 ||   544
Dodge: Dodged            |    36 |    17 |    51 |   125 ||   229
Block: Shield            |    66 |    61 |   175 |   403 ||   705
       Reflection        |       |       |       |     2 ||     2

Table legend:
 A = Spawn XP
 B = Non-spawn XP
 C = Spawn XP percentage of total XP
 D = Spawn monster count
 E = Non-spawn monster count
 F = Spawn count percentage of total count
 G = Total turns spent on level
                    A         B        C        D         E        F      G
               +---------+---------+-------+---------+---------+-------+---------
         Total |       0 |   37112 |   0.0 |       0 |     392 |   0.0 | 17085
               +---------+---------+-------+---------+---------+-------+---------
           D:1 |       0 |      22 |   0.0 |       0 |      16 |   0.0 |   661
           D:2 |       0 |     104 |   0.0 |       0 |      24 |   0.0 |   797
           D:3 |       0 |     201 |   0.0 |       0 |      38 |   0.0 |   845
           D:4 |       0 |     701 |   0.0 |       0 |      17 |   0.0 |   892
           D:5 |       0 |     903 |   0.0 |       0 |      29 |   0.0 |   869
           D:6 |       0 |     903 |   0.0 |       0 |      23 |   0.0 |   593
           D:7 |       0 |    1263 |   0.0 |       0 |      51 |   0.0 |  1495
           D:8 |       0 |    1051 |   0.0 |       0 |      11 |   0.0 |  2575
           D:9 |       0 |    4470 |   0.0 |       0 |      56 |   0.0 |   914
          D:10 |       0 |    2059 |   0.0 |       0 |      20 |   0.0 |  1663
        Lair:1 |       0 |    5935 |   0.0 |       0 |      28 |   0.0 |  1554
        Lair:2 |       0 |    5365 |   0.0 |       0 |      28 |   0.0 |  1670
        Lair:3 |       0 |    4299 |   0.0 |       0 |      17 |   0.0 |  1245
        Lair:4 |       0 |    9836 |   0.0 |       0 |      34 |   0.0 |  1232
               +---------+---------+-------+---------+---------+-------+---------
